 Dungeon Crawl Stone Soup version 0.28-a0-8-g6e044cfa68 (webtiles) character file.

Game seed: 2138107242728647771

5509 bobarctor the Thaumaturge (level 10, -3/56 HPs)
             Began as a Deep Elf Necromancer on July 23, 2021.
             Was an Elder of Okawaru.
             Engulfed by a cloud of flame (14 damage)
             ... on level 9 of the Dungeon on July 25, 2021.
             The game lasted 01:10:23 (14108 turns).

bobarctor the Thaumaturge (Deep Elf Necromancer)   Turns: 14108, Time: 01:10:24

Health: -3/56      AC: 14    Str:  5    XL:     10   Next: 43%
Magic:  7/29       EV: 13    Int: 23    God:    Okawaru [****..]
Gold:   1707       SH:  0    Dex: 16    Spells: 3/35 levels left

rFire   . . .      SeeInvis .   k - +6 spear "Ryucwuyrph" {protect, Will+}
rCold   . . .      Faith    .   (no shield)
rNeg    . . .      Spirit   .   a - +0 robe
rPois   .          Reflect  .   h - +1 helmet
rElec   .          Harm     .   J - +1 cloak
rCorr   .          Rampage  .   M - +0 pair of gloves
Will    ++...                   (no boots)
Stlth   ++........              (no amulet)
HPRegen 0.18/turn               (no ring)
MPRegen 0.21/turn               (no ring)

@: under a protective aura
A: no striking features
a: Renounce Religion, Heroism


You were on level 9 of the Dungeon.
You worshipped Okawaru.
Okawaru was greatly pleased with you.
You visited 2 branches of the dungeon, and saw 10 of its levels.

You collected 1707 gold pieces.

Inventory:

Hand Weapons
 e - a +0 club
 g - a +0 dagger
 k - the +6 spear "Ryucwuyrph" (weapon) {protect, Will+}
   (You found it on level 7 of the Dungeon)

   It grants its wielder temporary protection when it strikes (+7 to AC).
   Will:      It increases your willpower.
 l - a +1 shortbow of freezing
 D - a +4 short sword
 E - a +4 antimagic short sword
 F - a +3 dire flail of protection
 G - a +5 trident
Missiles
 b - 265 stones
 j - 86 arrows
 q - 7 datura-tipped darts
 r - 4 javelins
 t - 84 bolts
 v - 7 boomerangs
 y - 43 poisoned darts (quivered)
 C - 4 throwing nets
Armour
 a - a +0 robe (worn)
 h - a +1 helmet (worn)
 I - +0 acid dragon scales
 J - a +1 cloak (worn)
 M - a +0 pair of gloves (worn)
Jewellery
 O - a ring of fire
Wands
 p - a wand of polymorph (17)
 K - a wand of acid (5)
 L - a wand of charming (11)
Scrolls
 c - a scroll of noise
 d - 10 scrolls of identify
 f - 2 scrolls of blinking
 i - a scroll of holy word
 s - a scroll of torment
 u - 6 scrolls of teleportation
 x - a scroll of enchant armour
Potions
 m - 3 potions of flight
 n - a potion of heal wounds
 o - a potion of curing
 w - a potion of cancellation {unknown}
 z - a potion of resistance {unknown}
 A - a potion of might {unknown}
 B - a potion of attraction {unknown}
 H - 3 potions of invisibility {unknown}
 N - 2 potions of haste {unknown}


   Skills:
 * Level 3.3 Fighting
 + Level 3.0 Dodging
 + Level 3.2 Stealth
 * Level 13.2 Spellcasting
 + Level 1.7 Conjurations
 * Level 5.2 Hexes
 + Level 7.7 Necromancy
 + Level 1.5 Transmutations
 + Level 3.6 Fire Magic
 + Level 2.8 Air Magic
 + Level 4.1 Poison Magic
 * Level 5.2 Invocations


You had 3 spell levels left.
You knew the following spells:

 Your Spells              Type           Power      Damage    Failure   Level
a - Pain                  Necr           100%       1d9       1%          1
b - Animate Skeleton      Necr           100%       N/A       1%          1
c - Vampiric Draining     Necr           25%        2d9       1%          3
d - Animate Dead          Necr           25%        N/A       1%          4
e - Mephitic Cloud        Conj/Pois/Air  28%        N/A       3%          3
f - Ignite Poison         Fire/Tmut/Pois 29%        N/A       3%          3
g - Sublimation of Blood  Necr           25%        N/A       1%          2
h - Inner Flame           Hex/Fire       35%        N/A       1%          3
i - Cause Fear            Hex            19%        N/A       4%          4
j - Call Canine Familiar  Summ           15%        N/A       12%         3
k - Agony                 Necr           50%        N/A       4%          5

Your spell library contained the following spells:

 Spells                   Type           Power      Damage    Failure   Level
 Wereblood                Tmut           22%        N/A       3%          2
 Summon Small Mammal      Summ           60%        N/A       4%          1
 Summon Guardian Golem    Hex/Summ       27%        N/A       4%          3
 Bolt of Magma            Conj/Fire/Erth 11%        4d7       47%         5
 Summon Hydra             Summ           7%         N/A       100%        7
 Discord                  Hex            19%        N/A       100%        8


Dungeon Overview and Level Annotations

Branches:
Dungeon (9/15)             Temple (1/1) D:4
   Lair: D:8-11         Orc: D:9-12

Altars:
Ashenzari
Cheibriados
Dithmenos
Elyvilon
Fedhas
Gozag
Hepliaklqana
Kikubaaqudgha
Makhleb
Nemelex Xobeh
Okawaru
Qazlal
Ru
Sif Muna
Trog
Uskayaw
Vehumet
Wu Jian
Xom
Yredelemnul
Zin
The Shining One

Annotations:
D:9 2 transporters, Leeroy's ghost, journeyman GnWr


Message History

a +0 hand axe; a +0 leather armour; an orc corpse
There is a stone staircase leading up here.
Casting: Inner Flame (safe; 1% risk of failure)
Confirm with . or Enter, or press ? or * to list all spells.
You don't know that spell.
Casting: Inner Flame (safe; 1% risk of failure)
Confirm with . or Enter, or press ? or * to list all spells.
You draw magical energy from your own body!
Casting: Sublimation of Blood (safe; 1% risk of failure)
Confirm with . or Enter, or press ? or * to list all spells.
You can't see any susceptible monsters within range! (Use Z to cast anyway.)
Casting: Sublimation of Blood (safe; 1% risk of failure)
Confirm with . or Enter, or press ? or * to list all spells.
You ignite the poison in your surroundings!
Casting: Ignite Poison (dangerous; 3% risk of failure)
Confirm with . or Enter, or press ? or * to list all spells.
You can't see any susceptible monsters within range! (Use Z to cast anyway.)
Casting: Ignite Poison (dangerous; 3% risk of failure)
Confirm with . or Enter, or press ? or * to list all spells.
Aiming: Mephitic Cloud (dangerous; 3% risk of failure)
Press: ? - help, Shift-Dir - straight line, f/p - ogre
Aim: an ogre, wielding a +0 giant club (moderately wounded, inner flame, chance to affect: 77%)
The ball explodes into a vile cloud!
The stinking cloud engulfs the ogre but does no damage.
The ogre is moderately wounded.
The ogre is engulfed in noxious fumes.
The ogre appears confused.
Casting: Mephitic Cloud (dangerous; 3% risk of failure)
Confirm with . or Enter, or press ? or * to list all spells.
You ignite the poison in your surroundings!
The ogre is engulfed in blazing flames.
Flame seeps out of the ogre.
You catch the helpless ogre completely off-guard!
You hit the ogre.
Your weapon exudes an aura of protection.
Okawaru accepts your kill.
The ogre explodes!
The fiery explosion engulfs you!!
Ouch! That really hurt!
* * * LOW HITPOINT WARNING * * *
You are engulfed in blazing flames.
You die...

##.O##..# #.).).### ##..#...#
#.##.#.# ... ##..# ##. #.###
############# ########)####
.............####○☼○.)).....#####
...............<@§☼○..o..........
................§☼☼..............
.................§...............
..##....######...###..######.....
..##....# #...# #..# #.....
..##....# ####...# #..# #.....
..##....###......# #..######.....
..##....##.......###.............
..##....†.©.©.....##.............


You could see an orc warrior.

Vanquished Creatures
  Harold (D:9)
  Maurice (D:8)
  Maggie (D:6)
  A hornet (D:8)
  Prince Ribbit (D:6)
  A troll (D:8)
  A slime creature (D:8)
  3 yaks (D:9)
  A vampire mosquito (D:8)
  Edmund (D:6)
  3 orc warriors (D:9)
  An ice beast (D:8)
  3 black bears (D:5)
  2 sky beasts
  4 ogres
  A centaur (D:8)
  2 phantoms (D:4)
  2 bullfrogs
  A wyvern zombie (D:6)
  3 scorpions
  A water moccasin skeleton (D:5)
  A killer bee (D:8)
  4 wights
  2 howler monkeys
  A centaur zombie (D:8)
  A bullfrog zombie (D:6)
  2 orc priests (D:9)
  A gnoll shaman (D:5)
  4 hounds
  A centaur skeleton (D:7)
  4 iguanas
  5 orc wizards
  2 hound skeletons (D:4)
  A howler monkey zombie (D:9)
  6 adders
  9 gnolls
  A howler monkey skeleton (D:7)
  2 white imps
  An ufetubus (D:4)
  2 adder skeletons (D:4)
  A worm (D:2)
  A dart slug (D:5)
  17 orcs
  8 ball pythons
  2 bats (D:1)
  6 endoplasms
  6 giant cockroaches
  8 goblins
  7 hobgoblins
  8 jackals
  3 quokkas (D:1)
  3 frilled lizards
  9 kobolds
  4 rats
168 creatures vanquished.

Vanquished Creatures (collateral kills)
  A centaur (D:7)
1 creature vanquished.

Grand Total: 169 creatures vanquished

Notes
Turn   | Place    | Note
-------+----------+-------------------------------------------
     0 | D:1      | bobarctor the Deep Elf Necromancer began the quest for the
                  | Orb.
     0 | D:1      | Reached XP level 1. HP: 10/10 MP: 6/6
    82 | D:1      | Reached skill level 5 in Necromancy
   373 | D:1      | Reached XP level 2. HP: 13/15 MP: 6/8
   375 | D:1      | Learned a level 1 spell: Animate Skeleton
   828 | D:1      | Reached skill level 4 in Spellcasting
  1010 | D:1      | Found a faded altar of an unknown god.
  1215 | D:1      | Reached XP level 3. HP: 16/19 MP: 6/10
  1221 | D:1      | Learned a level 3 spell: Vampiric Draining
  1856 | D:2      | Found an opulent altar of Gozag.
  2110 | D:2      | Reached XP level 4. HP: 24/24 MP: 10/12
  2118 | D:2      | Learned a level 4 spell: Animate Dead
  2737 | D:3      | Reached skill level 5 in Spellcasting
  2830 | D:3      | Learned a level 3 spell: Mephitic Cloud
  3794 | D:4      | Reached XP level 5. HP: 25/28 MP: 10/14
  4036 | D:4      | Noticed an ogre
  4074 | D:4      | Killed an ogre
  4075 | D:4      | Reached skill level 6 in Spellcasting
  4075 | D:4      | Reached skill level 1 in Poison Magic
  4187 | D:4      | Learned a level 3 spell: Ignite Poison
  4332 | D:4      | Reached XP level 6. HP: 30/32 MP: 14/17
  4361 | D:4      | Learned a level 2 spell: Sublimation of Blood
  4382 | D:4      | Reached skill level 1 in Air Magic
  4902 | D:4      | Found a staircase to the Ecumenical Temple.
  4913 | Temple   | Entered the Ecumenical Temple
  5009 | Temple   | Became a worshipper of Warmaster Okawaru
  5418 | D:5      | Entered Level 5 of the Dungeon
  5483 | D:5      | Reached skill level 7 in Spellcasting
  5483 | D:5      | Reached skill level 1 in Fire Magic
  5516 | D:5      | Found a bloodstained altar of Trog.
  5601 | D:5      | Reached XP level 7. HP: 35/36 MP: 10/20
  5609 | D:5      | Noticed a vampire mosquito
  5612 | D:5      | Noticed a vampire mosquito
  5843 | D:5      | Reached * piety under Okawaru
  5844 | D:5      | Reached skill level 8 in Spellcasting
  6199 | D:4      | Learned a level 3 spell: Inner Flame
  6420 | D:5      | Reached skill level 1 in Invocations
  6561 | D:4      | Reached skill level 9 in Spellcasting
  6798 | D:5      | Reached XP level 8. HP: 42/42 MP: 8/23
  6843 | D:5      | Reached skill level 1 in Hexes
  7260 | D:5      | Learned a level 4 spell: Cause Fear
  7398 | D:6      | Noticed Edmund
  7708 | D:5      | Reached skill level 10 in Spellcasting
  8133 | D:5      | Learned a level 3 spell: Call Canine Familiar
  8431 | D:6      | Killed Edmund
  8431 | D:6      | Reached ** piety under Okawaru
  8432 | D:6      | Reached skill level 1 in Fighting
  8537 | D:6      | Noticed Maggie
  8550 | D:6      | Killed Maggie
  8551 | D:6      | Reached skill level 11 in Spellcasting
  8551 | D:6      | Reached skill level 1 in Conjurations
  9164 | D:6      | Reached XP level 9. HP: 23/47 MP: 19/26
  9595 | D:7      | Identified a scroll of acquirement
  9595 | D:7      | Acquired 1199 gold pieces
 10439 | D:7      | Identified the +6 spear "Ryucwuyrph" {protect, Will+}
 10462 | D:7      | Noticed Prince Ribbit
 10517 | D:6      | Killed Prince Ribbit
 11893 | D:8      | Reached skill level 1 in Transmutations
 12041 | D:8      | Reached skill level 12 in Spellcasting
 12048 | D:8      | Reached *** piety under Okawaru
 12204 | D:8      | Learned a level 5 spell: Agony
 12643 | D:8      | Noticed Maurice
 12654 | D:8      | Killed Maurice
 12675 | D:8      | Noticed a troll
 12703 | D:8      | Killed a troll
 13117 | D:8      | Reached XP level 10. HP: 53/54 MP: 21/28
 13373 | D:9      | Noticed Harold
 13391 | D:9      | Killed Harold
 13391 | D:9      | Reached **** piety under Okawaru
 13392 | D:9      | Reached skill level 13 in Spellcasting
 13563 | D:9      | Found a transporter.
 13564 | D:9      | Noticed Leeroy's ghost (journeyman GnWr)
 13567 | D:9      | Noticed a two-headed ogre
 13569 | D:9      | Noticed a two-headed ogre
 13571 | D:9      | Identified the +6 great mace of the Fifty Invaders {vorpal,
                  | rElec rC- Dex+9}
 13571 | D:9      | Identified the +1 dire flail of the Globe {vorpal, rPois
                  | Int+4}
 13571 | D:9      | Noticed a two-headed ogre
 13574 | D:9      | Found a transporter.
 13589 | D:9      | Reached skill level 5 in Invocations
 14006 | D:9      | Reached skill level 5 in Hexes
 14108 | D:9      | Engulfed by a cloud of flame

Illustrated notes

Levels and vault maps discovered:
D:1:      dpeg_arrival_stone_temple_mockup, layout_loops_ring,
          hellmonk_ecumenical_altar_zigzags, minmay_distorted
D:2:      layout_basic, basic_altar
D:3:      layout_basic, serial_bayou, serial_bayou_pond_e, serial_bayou_pond_a,
          serial_bayou_pond_b, serial_bayou_shore_a, serial_bayou_shore_b,
          serial_bayou_lake_a, chequers_serial_rivers_micro_c,
          kennysheep_nondescript, glass_columns_a, st_stairs_4
D:4:      layout_gridville, minmay_temple_entry_overgrown
D:5:      layout_rooms, trog_ov_bears_minmay, abandoned_shop
D:6:      layout_loops_cross, uniq_maggie, uniq_edmund
D:7:      layout_layer_cave, enter_bailey_7, uniq_prince_ribbit1
D:8:      kennysheep_blocky_room, layout_basic, uniq_maurice
D:9:      layout_small_grid, erik_orc_3, gammafunk_ghost_smash,
          chequers_serial_rivers_large_a, minmay_fire_ice_demons, uniq_harold,
          uniq_erolcha
Temple:   grunt_wide_crystal_templ

Skill      XL: |  1  2  3  4  5  6  7  8  9 10 |
---------------+-------------------------------+-----
Necromancy     | 5 6 7 |  7.7
Spellcasting   | 4 5 6 7 9 11 12 13 | 13.2
Poison Magic   | 1 2 3 4 |  4.1
Air Magic      | 1 2 |  2.8
Fire Magic     | 1 2 3 |  3.6
Invocations    | 1 2 4 5 |  5.2
Hexes          | 2 4 5 |  5.2
Fighting       | 1 2 3 |  3.3
Dodging        | 3 |  3.0
Stealth        | 3 |  3.2
Conjurations   | 1 |  1.7
Transmutations | 1 |  1.5

Action                   |  1- 3 |  4- 6 |  7- 9 | 10-12 || total
-------------------------+-------+-------+-------+-------++-------
Melee: Club              |     3 |    50 |    10 |       ||    63
       Short sword       |       |       |    19 |       ||    19
       Spear             |       |       |    15 |    12 ||    27
Throw: Stone             |       |     2 |       |       ||     2
       Dart              |       |     1 |     7 |       ||     8
       Boomerang         |       |       |     2 |       ||     2
 Cast: Pain              |    65 |    60 |    56 |    11 ||   192
       Vampiric Draining |     1 |     8 |    36 |    10 ||    55
       Mephitic Cloud    |       |     3 |    64 |    15 ||    82
       Ignite Poison     |       |     1 |    37 |    10 ||    48
       Inner Flame       |       |       |     5 |     2 ||     7
       Cause Fear        |       |       |     1 |       ||     1
       Sublimation of Bl |       |       |       |     2 ||     2
  Use: Scroll            |       |     3 |    12 |       ||    15
       Potion            |       |       |     1 |       ||     1
 Stab: Sleeping          |       |     1 |       |       ||     1
       Confused          |       |       |     1 |     1 ||     2
Armor: Robe              |     3 |    18 |    37 |     1 ||    59
Dodge: Dodged            |    12 |    58 |    94 |     4 ||   168

Table legend: (Time is in decaauts)
 A = Elapsed time spent in this place.
 B = Non-inter-level travel time spent in this place.
 C = Inter-level travel time spent in this place.
 D = Time resting spent in this place.
 E = Time spent auto-exploring this place.
 F = Levels seen in this place.
 G = Mean time per level.
                   A        B        C        D        E       F      G
               +--------+--------+--------+--------+--------+-----+--------+
         Total |  14194 |  13740 |    454 |   4997 |   6726 |  10 | 1419.4 |
       Dungeon |  14081 |  13639 |    442 |   4997 |   6675 |   9 | 1564.6 |
        Temple |    112 |    100 |     12 |      0 |     51 |   1 |  112.0 |
               +--------+--------+--------+--------+--------+-----+--------+

Top non-repeatable levels by time:
     D:4: 2323 daAuts
     D:5: 2157 daAuts
     D:6: 1954 daAuts
     D:8: 1732 daAuts
     D:1: 1689 daAuts
     D:7: 1462 daAuts
     D:3: 1093 daAuts
     D:2: 1043 daAuts
     D:9: 624 daAuts
  Temple: 112 daAuts
